 Dungeon Crawl Stone Soup version 0.26-a0-639-g72c4674329 (webtiles) character file.

Game seed: 4783827165959005935

190542 Flugslaktarn the Severer (level 17, -3/168 HPs)
             Began as a Deep Dwarf Fighter on Sept 27, 2020.
             Was the Champion of Makhleb.
             Slain by an ancient lich (6 damage)
             ... while paralysed by an ancient lich
             ... on level 4 of the Depths.
             The game lasted 00:13:53 (15279 turns).

Flugslaktarn the Severer (Deep Dwarf Fighter)      Turns: 15279, Time: 00:13:54

Health: -3/168     AC: 28    Str: 23    XL:     17   Next: 22%
Magic:  8/8        EV:  2    Int: 10    God:    Makhleb [******]
Gold:   2735       SH:  0    Dex: 18    Spells: 16/16 levels left

rFire    . . .     SeeInvis .   J - +6 broad axe (flame)
rCold    . . .     Faith    +   O - +0 tower shield
rNeg     + . .     Spirit   .   C - +0 plate armour
rPois    .         Reflect  .   L - +3 helmet of Guerot {Dex+3}
rElec    .         Harm     .   c - +2 cloak {rCorr}
rCorr    +         Rampage  .   s - +1 pair of gloves
MR       ++...                  l - +1 pair of boots
Stlth    ..........             H - amulet of faith
HPRegen  0.00/turn              j - +4 ring of slaying
MPRegen  0.11/turn              v - +4 ring of evasion

@: confused, paralysed, non-regenerating, hasted, drained
A: damage resistance, heal wounds, negative energy resistance 1, sense
surroundings 2, no regeneration
}: 2/15 runes: serpentine, barnacled
a: Heal Wounds, Minor Destruction, Lesser Servant of Makhleb, Major Destruction,
Greater Servant of Makhleb, Renounce Religion


You were on level 4 of the Depths.
You worshipped Makhleb.
Makhleb was exalted by your worship.
You visited 7 branches of the dungeon, and saw 32 of its levels.
You also visited: Bailey.

You collected 2992 gold pieces.
You spent 257 gold pieces at shops.

Inventory:

Hand Weapons
 J - a +6 broad axe of flaming (weapon)
   (You acquired it on level 14 of the Dungeon)
Missiles
 e - 2 throwing nets (quivered)
Armour
 a - a +2 helmet of see invisible
   (You acquired it on level 14 of the Dungeon)
 c - a +2 cloak of preservation (worn)
   (You took it off Maurice on level 10 of the Dungeon)
 l - a +1 pair of boots (worn)
   (You found it on level 4 of the Dungeon)
 s - a +1 pair of gloves (worn)
   (You found it on level 4 of the Dungeon)
 C - a +0 plate armour (worn)
   (You took it off an orc warrior on level 9 of the Dungeon)
 L - the +3 helmet of Guerot (worn) {Dex+3}
   (You found it on level 2 of the Lair of Beasts)

   It affects your dexterity (+3).
 O - a +0 tower shield (worn)
   (You took it off Louise on level 2 of the Snake Pit)
Jewellery
 f - an uncursed ring of protection from fire
   (You found it on level 8 of the Dungeon)
 j - a +4 ring of slaying (left hand)
   (You found it on level 5 of the Dungeon)
 v - a +4 ring of evasion (right hand)
   (You found it on level 11 of the Dungeon)
 H - an amulet of faith (around neck)
   (You found it on level 12 of the Dungeon)
 I - the ring of Knowledge {+Blink rPois Str+4 Int-4 SInv}
   (You found it on level 14 of the Dungeon)

   [ring of see invisible]

   It affects your strength (+4).
   It affects your intelligence (-4).
   It protects you from poison.
   It lets you see invisible.
   It lets you blink.
 P - the ring "Peaces" {*Drain rF+ rC- MR+++ Int+4}
   (You found it on level 4 of the Shoals)

   [ring of protection from fire]

   It affects your intelligence (+4).
   It protects you from fire.
   It makes you vulnerable to cold.
   It affects your resistance to hostile enchantments.
   It causes draining when unequipped.
 Q - an uncursed ring of flight {unknown}
   (You found it on level 1 of the Depths)
Wands
 o - a wand of paralysis (11)
   (You found it on level 2 of the Lair of Beasts)
 r - a wand of acid (6)
   (You found it on level 4 of the Shoals)
 z - a wand of digging (15)
   (You found it on level 6 of the Dungeon)
Scrolls
 b - 2 scrolls of magic mapping
 m - 3 scrolls of fog
 t - a scroll of teleportation
 x - 12 scrolls of remove curse
 A - a scroll of fear
 B - a scroll of silence
 E - a scroll of immolation
 M - a scroll of summoning
Potions
 d - a potion of might
 g - 4 potions of mutation
 i - a potion of berserk rage
 k - 3 potions of cancellation
 n - a potion of brilliance {unknown}
 p - a potion of invisibility
 q - 6 potions of curing
 u - 4 potions of degeneration
 w - 6 potions of heal wounds
 y - 2 potions of ambrosia
 D - 3 potions of flight {unknown}
 F - 3 potions of magic
 G - 2 potions of resistance {unknown}
 K - 2 potions of stabbing
 N - 2 potions of lignification


   Skills:
 * Level 14.8(13.8) Fighting
 * Level 17.1(16.1) Axes
 + Level 13.0(12.1) Armour
 + Level 7.8(7.0) Dodging
 + Level 12.9(12.0) Shields
 + Level 14.2(13.3) Invocations
 + Level 9.0(8.2) Evocations


You had 16 spell levels left.
You didn't know any spells.
Your spell library was empty.

Dungeon Overview and Level Annotations

Branches:
Dungeon (15/15)            Temple (1/1) D:4            Lair (3/6) D:9
 Shoals (4/4) Lair:3        Snake (4/4) Lair:3          Orc (2/2) D:11
    Elf (0/3) Orc:2        Vaults (0/5) D:13         Depths (2/5) D:15
 Bailey (visited)

Altars:
Ashenzari
Cheibriados
Dithmenos
Elyvilon
Gozag
Hepliaklqana
Kikubaaqudgha
Makhleb
Nemelex Xobeh
Okawaru
Qazlal
Ru
Sif Muna
Trog
Uskayaw
Vehumet
Wu Jian
Xom
Yredelemnul
Zin
The Shining One
Beogh

Shops:
D:8 :   Orc:2 ?!=(   Snake:3 *

Portals:
Hell: Depths:1
Ice
Cave: Shoals:3

Annotations:
Shoals:3 exclusion: ice statue


Innate Abilities, Weirdness & Mutations

You are resistant to damage.
You can heal yourself by infusing magical energy.
You resist negative energy. (rN+)
You passively map the area around you.
You do not regenerate.


Message History

The ancient lich completely misses you.
Something touches you but does no damage.
The ancient lich gestures at you while chanting.
You shrug off the repeated paralysis!
The hellion hits you but does no damage.
The juggernaut zombie hits you but does no damage. x2
The ancient lich points at you and mumbles some strange words.
The iron shot hits you!!!!
* * * LOW HITPOINT WARNING * * *
The ancient lich touches you. You partially resist.
You feel drained.
A bolt of negative energy appears from out of thin air!
The bolt of negative energy hits something.
The bolt of negative energy hits the ancient lich.
The ancient lich completely resists.
The bolt of negative energy hits you! You partially resist.
You feel drained.
* * * LOW HITPOINT WARNING * * *
Something touches you but does no damage.
The hellion hits you but does no damage.
The ancient lich touches you!
You die...

....≈≈≈## *, ,
....≈≈.# .. *
* * , .......#
.,.. , * *
........#..*..
, , ,
.......##,.?
V#, # ##.....#
.. {#, .#, ,
*##...## * #{
{###.#* .### ,
,, #.#L.Z#.#
,*, , *
#)@Z..# *, , *
#2L#..# , , *
,#... .#* * ,
*,, .#... ..
,,* ######.*#.
* * ##, # , **
* ,, , ,, ,,*,
* *


You could see 2 ancient liches, a jiangshi (summoned), a hellion (summoned), a
juggernaut zombie (summoned) and a deep elf high priest skeleton (summoned).

Vanquished Creatures
  Agnes (Snake:2)
  4 nagarajas
  2 frost giants (Depths:1)
  Louise (Snake:2)
  An orc warlord (Bailey)
  3 very ugly things (Depths:2)
  4 stone giants
  3 merfolk javelineers (Shoals:4)
  Josephine (D:10)
  Snorg (D:13)
  2 ettins (Depths:1)
  2 merfolk impalers (Shoals:4)
  A fire dragon (Depths:1)
  A great orb of eyes (Depths:1)
  6 naga warriors
  An ice dragon (Shoals:3)
  A spriggan air mage (Depths:4)
  4 vault guards (D:13)
  5 hydras
  3 centaur warriors
  6 anacondas
  2 death knights
  2 merfolk avatars
  An alligator snapping turtle (Shoals:4)
  4 satyrs (Shoals:4)
  13 two-headed ogres
  A vampire mage (Depths:1)
  2 ogre magi
  5 orc high priests (Orc:2)
  11 naga sharpshooters
  3 shock serpents
  A salamander mystic (Snake:4)
  A glowing orange brain (D:15)
  2 unseen horrors (D:13)
  10 sea snakes
  4 naga ritualists
  10 harpies
  A swamp dragon (shapeshifter) (D:15)
  2 phantasmal warriors
  4 necromancers (Depths:4)
  5 fauns (Shoals:4)
  2 deep elf magi
  2 orc knights
  16 ugly things
  A mana viper (Snake:2)
  6 manticores
  3 cyclopes
  7 salamanders
  7 guardian serpents
  Maurice (D:10)
  9 naga magi
  17 black mambas
  3 gargoyles
  2 merfolk sirens
  A water nymph (Shoals:4)
  A torpor snail (shapeshifter) (Depths:1)
  A cane toad (Lair:3)
  A rime drake (Lair:3)
  3 yaktaurs (Depths:2)
  5 komodo dragons
  4 freezing wraiths
  3 meliai (D:15)
  2 tengu conjurers
  13 merfolk
  A troll (D:11)
  5 blink frogs (Lair:3)
  4 hornets
  A wind drake (Shoals:4)
  Prince Ribbit (D:8)
  10 slime creatures (D:15)
  A raiju (shapeshifter) (D:15)
  4 dream sheep (Shoals:1)
  8 snapping turtles
  A meliai zombie (D:14)
  3 hippogriffs
  6 water elementals
  2 vampires
  A spriggan (shapeshifter) (D:15)
  A wyvern (D:6)
  35 yaks
  4 wraiths
  2 basilisks
  A hog (shapeshifter) (D:15)
  4 vampire mosquitoes
  Menkaure (D:7)
  31 nagas
  5 wargs
  An acid dragon (D:13)
  2 soldier ants
  4 water moccasins
  4 porcupines
  28 orc warriors
  3 sky beasts
  6 ice beasts
  2 black bears
  A black bear (shapeshifter) (D:13)
  A necrophage (D:10)
  12 ogres
  2 phantoms
  11 wolves (Lair:2)
  10 centaurs
  7 crocodiles
  2 big kobolds
  10 bullfrogs
  3 scorpions
  4 killer bees (D:11)
  2 howler monkeys
  20 wights
  A quasit (D:12)
  4 centaur zombies
  5 jellies
  6 hounds
  29 orc priests
  7 centaur skeletons
  27 orc wizards
  3 bullfrog skeletons
  5 iguanas
  8 worker ants
  2 hound skeletons
  A worker ant zombie (D:6)
  15 gnolls
  8 adders
  3 white imps
  An ufetubus (D:7)
  An ooze (D:6)
  An adder skeleton (D:8)
  2 worms
  2 leopard geckos (D:5)
  114 orcs
  A bat (D:1)
  5 giant cockroaches
  9 hobgoblins (Bailey)
  3 jackals (D:5)
  7 quokkas
  A frilled lizard (D:4)
  A giant cockroach zombie (D:5)
  32 goblins
  6 kobolds
  2 leopard gecko skeletons
  A quokka zombie (D:5)
  3 rats
830 creatures vanquished.

Vanquished Creatures (collateral kills)
  A nagaraja (Snake:4)
  2 naga warriors (Snake:4)
  An orc high priest (Orc:2)
  2 sea snakes (Snake:4)
  2 guardian serpents (Snake:4)
  A naga mage (Snake:4)
  A black mamba (Snake:4)
  A cane toad (Lair:1)
  3 nagas (Snake:4)
  3 wargs (Orc:2)
  An orc warrior (Orc:2)
  3 orc priests (Orc:2)
  7 orcs (Orc:2)
28 creatures vanquished.

Vanquished Creatures (others)
  2 fauns (Shoals:4)
  17 fungi
  132 plants
151 creatures vanquished.

Grand Total: 1009 creatures vanquished

Notes
Turn   | Place    | Note
-------+----------+-------------------------------------------
     0 | D:1      | Flugslaktarn the Deep Dwarf Fighter began the quest for the
                  | Orb.
     0 | D:1      | Reached XP level 1. HP: 20/20 MP: 1/1
    89 | D:2      | Reached XP level 2. HP: 27/27 MP: 2/2
   219 | D:4      | Reached XP level 3. HP: 31/34 MP: 3/3
   224 | D:4      | Reached skill level 3 in Axes
   277 | D:4      | Reached XP level 4. HP: 32/42 MP: 4/4
   419 | D:4      | Reached XP level 5. HP: 41/50 MP: 5/5
   441 | D:4      | Noticed an ogre
   461 | D:4      | Killed an ogre
   461 | D:4      | Reached skill level 4 in Axes
   466 | D:4      | Reached XP level 6. HP: 26/57 MP: 6/6
   539 | D:4      | Noticed an ice beast
   552 | D:4      | Killed an ice beast
   798 | D:4      | Reached skill level 5 in Axes
   902 | D:4      | Found a staircase to the Ecumenical Temple.
   944 | Temple   | Entered the Ecumenical Temple
  1009 | Temple   | Became a worshipper of Makhleb the Destroyer
  1148 | D:5      | Entered Level 5 of the Dungeon
  1157 | D:5      | Found the +6 arbalest "Damnation" {damnation}
  1177 | D:5      | Reached XP level 7. HP: 48/66 MP: 6/6
  1266 | D:5      | Reached skill level 1 in Invocations
  1479 | D:5      | Reached * piety under Makhleb
  1499 | D:5      | Found a bloodstained altar of Trog.
  1588 | D:5      | You fall into a shaft and drop 3 floors!
  1594 | D:8      | Reached skill level 5 in Fighting
  1595 | D:8      | Found Myleev's Book Boutique.
  1619 | D:8      | Reached skill level 5 in Armour
  1636 | D:7      | Noticed Menkaure
  1654 | D:7      | Killed Menkaure
  1654 | D:7      | Reached skill level 5 in Shields
  1655 | D:7      | Reached skill level 6 in Axes
  1655 | D:7      | Reached XP level 8. HP: 28/75 MP: 6/8
  1824 | D:6      | Found a basalt altar of Yredelemnul.
  2236 | D:6      | Noticed a hornet
  2255 | D:6      | Killed a hornet
  2255 | D:6      | Reached skill level 7 in Axes
  2364 | D:6      | Reached ** piety under Makhleb
  2368 | D:6      | Gained mutation: You passively map the area around you.
                  | [Deep Dwarf growth]
  2368 | D:6      | Reached XP level 9. HP: 80/85 MP: 7/7
  3110 | D:8      | Reached skill level 5 in Invocations
  3291 | D:8      | Reached skill level 8 in Axes
  3387 | D:8      | Noticed Prince Ribbit
  3401 | D:8      | Killed Prince Ribbit
  3887 | D:9      | Found an iron altar of Okawaru.
  3890 | D:9      | Found an opulent altar of Gozag.
  3892 | D:9      | Found a glowing golden altar of the Shining One.
  3893 | D:9      | Found a shadowy altar of Dithmenos.
  3895 | D:9      | Found a hide-covered altar of Uskayaw.
  4210 | D:9      | Found a staircase to the Lair.
  4353 | D:10     | Entered Level 10 of the Dungeon
  4358 | D:10     | Reached *** piety under Makhleb
  4393 | D:10     | Noticed Maurice
  4428 | D:10     | Reached skill level 9 in Axes
  4428 | D:10     | Reached XP level 10. HP: 96/96 MP: 7/7
  4452 | D:10     | Killed Maurice
  4490 | D:10     | Noticed Josephine
  4504 | D:10     | Killed Josephine
  4772 | D:10     | Found a basalt altar of Yredelemnul.
  4887 | D:10     | You fall into a shaft and drop 3 floors!
  4952 | D:12     | Noticed a deep elf mage
  4965 | D:12     | Killed a deep elf mage
  4965 | D:12     | Reached skill level 10 in Axes
  5029 | D:11     | Reached **** piety under Makhleb
  5035 | D:11     | Noticed a white ugly thing
  5050 | D:11     | Killed a white ugly thing
  5050 | D:11     | Reached XP level 11. HP: 98/106 MP: 9/9
  5078 | D:11     | Noticed a death knight
  5079 | D:11     | Noticed a phantasmal warrior
  5339 | D:11     | Killed a phantasmal warrior
  5348 | D:11     | Killed a death knight
  5410 | D:11     | You fall into a shaft and drop 3 floors!
  5410 | D:14     | Noticed a centaur warrior
  5420 | D:14     | Killed a centaur warrior
  5420 | D:14     | Reached skill level 11 in Axes
  5428 | D:14     | Found an ancient bone altar of Kikubaaqudgha.
  5467 | D:14     | Found a flagged portal.
  5480 | Bailey   | Entered a bailey
  5509 | Bailey   | Reached ***** piety under Makhleb
  5710 | Bailey   | Noticed an orc knight
  5710 | Bailey   | Noticed an orc warlord
  5746 | Bailey   | Killed an orc warlord
  5747 | Bailey   | Killed an orc knight
  5789 | Bailey   | Reached skill level 10 in Fighting
  5844 | D:14     | Identified 2 scrolls of acquirement
  5844 | D:14     | Acquired a +3 vorpal broad axe
  5858 | D:14     | Acquired a +1 helmet of see invisible
  5901 | D:14     | Got a warped lapis lazuli ring
  5903 | D:14     | Noticed a two-headed ogre
  5915 | D:14     | Reached ****** piety under Makhleb
  5921 | D:14     | Killed a two-headed ogre
  5921 | D:14     | Reached XP level 12. HP: 116/116 MP: 10/10
  6009 | D:14     | Noticed a centaur warrior
  6015 | D:14     | Killed a centaur warrior
  6028 | D:14     | Paralysed by a hornet for 3 turns
  6031 | D:14     | Reached skill level 12 in Axes
  6262 | D:15     | Entered Level 15 of the Dungeon
  6366 | D:13     | Found a gate to the Vaults.
  6366 | D:13     | Noticed a vault guard
  6366 | D:13     | Noticed a vault guard
  6366 | D:13     | Noticed a vault guard
  6366 | D:13     | Noticed a vault guard
  6384 | D:13     | Killed a vault guard
  6388 | D:13     | Killed a vault guard
  6388 | D:13     | Reached skill level 10 in Invocations
  6394 | D:13     | Killed a vault guard
  6404 | D:13     | Killed a vault guard
  6454 | D:13     | Noticed a two-headed ogre
  6464 | D:13     | Killed a two-headed ogre
  6464 | D:13     | Reached skill level 10 in Armour
  6614 | D:13     | Reached skill level 13 in Axes
  6614 | D:13     | Reached XP level 13. HP: 122/127 MP: 12/12
  6711 | D:11     | Reached skill level 10 in Shields
  6729 | D:11     | Found a staircase to the Orcish Mines.
  7692 | D:13     | Noticed Snorg
  7704 | D:13     | Killed Snorg
  8487 | D:15     | Reached skill level 14 in Axes
  8751 | D:15     | Found a staircase to the Depths.
  8977 | D:15     | Identified the ring of Knowledge {+Blink rPois Str+4 Int-4
                  | SInv} (You found it on level 14 of the Dungeon)
  9101 | D:15     | Acquired 720 gold pieces
  9227 | Lair:1   | Entered Level 1 of the Lair of Beasts
  9323 | Lair:2   | Gained mutation: You resist negative energy. (rN+) [Deep
                  | Dwarf growth]
  9323 | Lair:2   | Reached XP level 14. HP: 127/138 MP: 11/11
  9525 | Lair:2   | Got a dazzling helmet
  9546 | Lair:2   | Identified the +3 helmet of Guerot {Dex+3} (You found it on
                  | level 2 of the Lair of Beasts)
  9784 | Lair:2   | Reached skill level 1 in Evocations
  9799 | Lair:2   | You fall into a shaft and drop 1 floor!
  9803 | Lair:3   | Reached skill level 1 in Dodging
 10188 | Lair:3   | Found a staircase to the Snake Pit.
 10504 | Lair:3   | Found a staircase to the Shoals.
 10825 | Snake:1  | Entered Level 1 of the Snake Pit
 10892 | Snake:1  | You fall into a shaft and drop 1 floor!
 10893 | Snake:2  | Noticed Agnes
 10911 | Snake:2  | Killed Agnes
 11069 | Snake:2  | Noticed Louise
 11092 | Snake:2  | Killed Louise
 11131 | Snake:2  | Reached skill level 15 in Axes
 11549 | Snake:3  | Reached XP level 15. HP: 147/147 MP: 12/12
 11640 | Snake:4  | Entered Level 4 of the Snake Pit
 11705 | Snake:3  | Noticed a nagaraja
 11717 | Snake:3  | Killed a nagaraja
 11717 | Snake:3  | Reached skill level 5 in Evocations
 11807 | Snake:3  | Found Dwkuung's Desiderata Depot.
 11962 | Snake:4  | Noticed a nagaraja
 11963 | Snake:4  | Noticed a nagaraja
 11982 | Snake:4  | Killed a nagaraja
 12002 | Snake:4  | Killed a nagaraja
 12037 | Snake:4  | Reached skill level 5 in Dodging
 12053 | Snake:4  | Noticed a nagaraja
 12070 | Snake:4  | Killed a nagaraja
 12100 | Snake:4  | Noticed a nagaraja
 12121 | Snake:4  | Killed a nagaraja
 12128 | Snake:4  | Reached skill level 16 in Axes
 12138 | Snake:4  | Got a serpentine rune of Zot
 12421 | Orc:1    | Entered Level 1 of the Orcish Mines
 12661 | Orc:2    | Entered Level 2 of the Orcish Mines
 12916 | Orc:2    | Found Ugiun's Jewellery Shop.
 12927 | Orc:2    | Reached XP level 16. HP: 143/158 MP: 13/13
 12938 | Orc:2    | Found Tumoc's Weapon Shoppe.
 12961 | Orc:2    | Found a roughly hewn altar of Beogh.
 13187 | Orc:2    | Found Tirphoves's Distillery.
 13207 | Orc:2    | Bought a potion of haste for 160 gold pieces
 13212 | Orc:2    | Found Mum Zidgh's Magic Scroll Shop.
 13226 | Orc:2    | Bought a scroll of enchant armour for 97 gold pieces
 13324 | Orc:2    | Found a staircase to the Elven Halls.
 13793 | Shoals:1 | Entered Level 1 of the Shoals
 14214 | Shoals:3 | Found a frozen archway.
 14278 | Shoals:4 | Entered Level 4 of the Shoals
 14344 | Shoals:4 | Got a wavering amber ring
 14345 | Shoals:4 | Identified the ring "Peaces" {*Drain rF+ rC- MR+++ Int+4}
                  | (You found it on level 4 of the Shoals)
 14538 | Shoals:4 | Got a barnacled rune of Zot
 14982 | Depths:1 | Entered Level 1 of the Depths
 15009 | Depths:1 | Found a gateway to Hell.
 15185 | Depths:2 | Reached XP level 17. HP: 168/168 MP: 8/8
 15188 | Depths:2 | Reached skill level 17 in Axes
 15221 | Depths:2 | You fall into a shaft and drop 2 floors!
 15247 | Depths:4 | Noticed an ancient lich
 15250 | Depths:4 | Noticed an ancient lich
 15257 | Depths:4 | Noticed a lich
 15275 | Depths:4 | Paralysed by an ancient lich for 5 turns
 15278 | Depths:4 | HP: 3/168 [something/bolt of negative energy (12)]
 15279 | Depths:4 | Slain by an ancient lich

Illustrated notes

Levels and vault maps discovered:
D:1:      nzn_arrival_crosshair, layout_basic, serial_glass, glass_columns_c,
          glass_columns_a, minmay_misc_feat_cross, minmay_tall_x
D:2:      layout_loops_corners, tgw_fedhas, minmay_pentomino_o4
D:3:      minmay_chambers_of_threes, layout_basic
D:4:      layout_basic, temple_statues, minmay_joined_circles
D:5:      layout_loops_ring, bloody_trog
D:6:      layout_loops_corners, overflow_temple_1_default,
          minmay_divided_ellipse
D:7:      layout_cave_pools, uniq_menkaure
D:8:      layout_basic, serial_shops, shop, uniq_prince_ribbit1
D:9:      layout_basic, grunt_temple_overflow_open,
          grunt_lair_entry_orc_guard_hut
D:10:     layout_loops_cross, basic_altar, serial_rivers,
          chequers_serial_rivers_micro_b, chequers_serial_rivers_small_3,
          chequers_serial_rivers_micro_b, chequers_serial_rivers_small_b,
          chequers_serial_rivers_micro_c, chequers_garden, uniq_maurice,
          uniq_josephine
D:11:     layout_cave_pools, david_orc_3
D:12:     layout_long_grid
D:13:     layout_roguey, lightli_vaults_fourway_checkpoint,
          palyth_stone_intersect, uniq_snorg
D:14:     layout_rooms, lemuel_doored_altar, enter_bailey_3
D:15:     gammafunk_enter_depths_forms, layout_cave_pods,
          minmay_misc_feat_encased, grunt_decor_mini_mirrors
Temple:   zaba_magenta_temple
Lair:1:   layout_gridlike, lemuel_centaur_altar, grunt_megastairs_3
Lair:2:   layout_chaotic_city
Lair:3:   layout_long_grid, elwin_shoals_entry_rooms,
          guppyfry_snake_entry_island, infiniplex_staircase_pool_2
Shoals:1: layout_shoals
Shoals:2: layout_shoals, serial_shops, shop
Shoals:3: layout_shoals, portal_ice_cave_entry_ice_statue_two, serial_shops,
          shop
Shoals:4: shoals_end_grunt_garden, layout_shoals, uniq_nikola, uniq_kirke
Snake:1:  layout_gridlike, grunt_ministairs_4, st_stairs_4
Snake:2:  layout_misc_corridors, uniq_vashnia, uniq_asterion, uniq_louise,
          uniq_agnes
Snake:3:  layout_chambers, nicolae_alphabet_shops,
          nicolae_snake_round_shape_thing
Snake:4:  grunt_snake_rune_pools, layout_rooms
Orc:1:    layout_caves
Orc:2:    st_orc_town, layout_diamond_mine, statue_in_the_mist_lemuel
Depths:1: layout_long_grid, hell_entry, chequers_jeans, enter_trove_1,
          kennysheep_cluttered_room, minmay_mirror_moons_of_madness
Depths:2: grunt_bent_corner, layout_gridlike, hellmouth_3,
          grunt_pan_entry_zigzag, minivault_22, kennysheep_path_1,
          infiniplex_staircase_pool_1
Depths:4: minmay_guarded_unrand_majin_bo, layout_cave_pools,
          infiniplex_staircase_diamond, hell_entry, abyss_entry, st_stairs_12,
          uniq_mara

Skill      XL: |  1  2  3  4  5  6  7  8  9 10 11 12 13 14 15 16 17 |
---------------+----------------------------------------------------+-----
Fighting       | 3 4 5 6 7 9 10 11 12 13 14 | 14.8
Axes           | 3 4 5 6 7 9 10 11 13 14 15 16 17 | 17.1
Armour         | 4 5 6 7 8 9 10 11 12 13 | 13.0
Shields        | 4 5 6 7 9 10 11 12 | 12.9
Invocations    | 2 4 6 7 9 10 11 12 13 14 | 14.2
Evocations     | 4 6 8 9 |  9.0
Dodging        | 3 5 7 |  7.8

Action                   |  1- 3 |  4- 6 |  7- 9 | 10-12 | 13-15 | 16-18 || total
-------------------------+-------+-------+-------+-------+-------+-------++-------
Melee: War axe           |    42 |   106 |   356 |   399 |       |       ||   903
       Broad axe         |       |       |       |   194 |   881 |   533 ||  1608
Invok: Lesser Servant of |       |       |       |       |     2 |       ||     2
       Greater Servant o |       |       |       |       |     5 |       ||     5
 Abil: Heal Wounds       |       |     4 |    17 |    10 |    10 |    23 ||    64
Evoke: Wand              |       |       |       |       |     1 |     4 ||     5
  Use: Potion            |       |       |     2 |     4 |     2 |     3 ||    11
       Scroll            |       |       |    18 |     7 |     9 |     5 ||    39
 Stab: Sleeping          |       |       |       |    17 |       |       ||    17
       Invisible         |       |       |       |     6 |       |    10 ||    16
       Distracted        |       |       |       |       |     3 |       ||     3
       Confused          |       |       |       |       |     1 |       ||     1
Armor: Scale mail        |    13 |    26 |    60 |       |       |       ||    99
       Skin              |       |       |    21 |       |       |       ||    21
       Chain mail        |       |       |    65 |       |       |       ||    65
       Plate armour      |       |       |    17 |   383 |   532 |   261 ||  1193
Dodge: Dodged            |    14 |    31 |    84 |   118 |   278 |   164 ||   689
Block: Kite shield       |    18 |    77 |   219 |   339 |   427 |       ||  1080
       Tower shield      |       |       |       |       |   404 |   537 ||   941

Table legend: (Time is in decaauts)
 A = Elapsed time spent in this place.
 B = Non-inter-level travel time spent in this place.
 C = Inter-level travel time spent in this place.
 D = Time resting spent in this place.
 E = Time spent auto-exploring this place.
 F = Levels seen in this place.
 G = Mean time per level.
                   A        B        C        D        E       F      G
               +--------+--------+--------+--------+--------+-----+--------+
         Total |  15479 |  13843 |   1636 |    311 |   8961 |  33 |  469.1 |
       Dungeon |   9299 |   8468 |    831 |    222 |   5827 |  15 |  619.9 |
        Temple |     78 |     60 |     18 |      0 |     57 |   1 |   78.0 |
          Lair |   1800 |   1462 |    338 |      0 |   1146 |   3 |  600.0 |
        Shoals |   1009 |    835 |    174 |     89 |    215 |   4 |  252.2 |
     Snake Pit |   1468 |   1268 |    200 |      0 |    651 |   4 |  367.0 |
  Orcish Mines |   1207 |   1149 |     58 |      0 |    919 |   2 |  603.5 |
        Depths |    253 |    239 |     14 |      0 |     27 |   3 |   84.3 |
        Bailey |    362 |    362 |      0 |      0 |    118 |   1 |  362.0 |
               +--------+--------+--------+--------+--------+-----+--------+

Top non-repeatable levels by time:
    D:15: 1317 daAuts
     D:9: 994 daAuts
     D:6: 975 daAuts
   Orc:2: 950 daAuts
     D:4: 916 daAuts
  Lair:3: 914 daAuts
    D:10: 867 daAuts
  Lair:2: 762 daAuts
    D:13: 736 daAuts
    D:12: 660 daAuts
    D:11: 650 daAuts
 Snake:3: 598 daAuts
    D:14: 572 daAuts
     D:7: 538 daAuts
     D:5: 463 daAuts
